Map: Data-C

Players

Has

  • Race: Protoss Protoss
  • Spawn Location: 9:00

Nina - Winner!

  • Race: Protoss Protoss
  • Spawn Location: 3:00

Event: DreamHack SC2 Masters 2022 Atlanta (Offline)

VOD

Have the link to the VOD?

Description

Time

  • Played on: Nov. 18, 2022, 7:33 p.m.
  • Length: 13:39

All games in this series

Show
View Real Time Build Order
Export as new Build Order

Has Protoss 

Build Orders:  

Get SALT Encoding   

  12  0:00  Probe  
  13  0:12  Probe  
  14  0:19  Pylon  
  14  0:24  Probe  
  15  0:38  Probe (Chrono Boost)  
  15  0:39  Gateway  
  16  0:46  Probe (Chrono Boost)  
  16  0:47  Assimilator  
  17  0:52  Probe  
  18  0:57  Assimilator  
  18  1:04  Probe  
  19  1:16  Probe  
  20  1:24  Pylon  
  20  1:28  Probe  
  20  1:29  Cybernetics Core  
  20  1:30  Zealot  
  23  1:42  Probe  
  25  1:54  Probe  
  25  2:03  Stalker (Chrono Boost)  
  25  2:06  Probe  
  28  2:15  Warp Gate (Chrono Boost)  
  29  2:23  Stargate  
  28  2:31  Pylon  
  28  2:32  Stalker  
  28  2:33  Probe  
  31  2:51  Gateway  
  31  2:58  Gateway  
  31  3:00  Shield Battery  
  31  3:02  Gateway  
  31  3:14  Stalker  
  33  3:25  Pylon  
  33  3:34  Pylon  
  33  3:49  Stalker  
  33  3:53  Stalker x2  
  39  3:57  Stalker  
  41  4:12  Stalker  
  41  4:16  Stalker x2  
  47  4:19  Pylon  
  47  4:20  Stalker  
  49  4:40  Stalker x2  
  45  5:03  Stalker x3  
  49  5:10  Twilight Council  
  49  5:17  Stalker  
  49  5:41  Pylon  
  49  6:01  Nexus  
  49  6:07  Shield Battery  
  49  6:10  Dark Shrine  
  49  6:12  Adept  
  49  6:30  Probe  
  49  6:32  Adept  
  50  6:39  Robotics Facility  
  50  6:41  Sentry  
  50  6:42  Probe  
  53  6:47  Gateway  
  54  6:54  Probe  
  54  6:59  Blink (Chrono Boost)  
  50  7:06  Probe  
  51  7:16  Probe (Chrono Boost)  
  51  7:18  Probe (Chrono Boost)  
  53  7:25  Dark Templar  
  53  7:27  Observer (Chrono Boost), Probe (Chrono Boost)  
  53  7:28  Probe (Chrono Boost)  
  58  7:32  Probe (Chrono Boost)  
  58  7:33  Probe (Chrono Boost)  
  60  7:40  Pylon  
  60  7:45  Warp Prism (Chrono Boost)  
  60  7:50  Probe x2  
  64  8:06  Stalker x3  
  64  8:11  Gateway  
  70  8:18  Pylon  
  72  8:21  Observer (Chrono Boost)  
  72  8:24  Probe, Gateway  
  72  8:26  Probe  
  73  8:38  Probe  
  74  8:45  Immortal (Chrono Boost)  
  78  8:52  Stalker x2  
  78  8:53  Stalker  
  82  9:13  Pylon  
  82  9:18  Stalker  
  82  9:19  Stalker x3  
  82  9:22  Gateway  
  90  9:29  Assimilator  
  90  9:31  Pylon  
  90  9:36  Stalker  
  92  9:49  Stalker x3  
  92  9:50  Zealot  
  91  10:13  Stalker x2  
  87  10:21  Stalker  
  87  10:22  Zealot  
  87  10:34  Zealot x2  
  91  10:36  Stalker x2  
  95  10:47  Zealot, Stalker  
  99  11:09  Observer  
  77  11:27  Charge (Chrono Boost)  
  77  11:28  Zealot x6  
  77  11:30  Warp Prism (Chrono Boost)  
  91  11:32  Gateway  
  91  11:35  Gateway  
  75  11:49  Stalker x6  
  87  12:12  Zealot, Stalker x4  
  97  12:18  Observer  
  98  12:24  Zealot  
  93  12:37  Zealot x2  
  93  12:39  Stalker x2  
  101  12:46  Zealot  
  101  12:47  Zealot x2  
  101  12:49  Zealot  
  109  12:55  Observer  
  107  13:09  Zealot x5  
  81  13:24  Zealot x3  
  79  13:33  Stalker x3  
Show
View Real Time Build Order
Export as new Build Order

Nina Protoss - Winner!

Build Orders: Blink Stalkers 

Get SALT Encoding   

  12  0:00  Probe  
  13  0:12  Probe  
  14  0:18  Pylon  
  14  0:24  Probe (Chrono Boost)  
  15  0:36  Probe (Chrono Boost)  
  15  0:39  Gateway  
  16  0:45  Probe (Chrono Boost)  
  16  0:48  Assimilator  
  17  0:51  Probe  
  17  0:55  Assimilator  
  18  1:03  Probe (Chrono Boost)  
  19  1:12  Probe (Chrono Boost)  
  19  1:17  Probe (Chrono Boost)  
  20  1:21  Pylon  
  21  1:29  Cybernetics Core, Probe  
  22  1:41  Zealot, Probe  
  25  1:53  Probe  
  26  2:06  Probe  
  26  2:08  Stalker  
  29  2:19  Nexus  
  29  2:24  Warp Gate  
  29  2:32  Probe  
  29  2:33  Pylon  
  30  2:42  Twilight Council  
  30  2:46  Probe  
  30  2:50  Stalker (Chrono Boost)  
  32  3:00  Gateway  
  32  3:07  Shield Battery  
  33  3:15  Stalker (Chrono Boost)  
  33  3:19  Blink (Chrono Boost)  
  35  3:26  Probe  
  35  3:36  Gateway  
  35  3:39  Probe  
  36  3:44  Probe  
  37  3:50  Shield Battery  
  37  3:53  Probe  
  38  3:57  Probe  
  39  4:05  Probe  
  39  4:09  Probe  
  41  4:11  Stalker  
  41  4:12  Stalker  
  45  4:17  Probe  
  45  4:22  Robotics Facility  
  45  4:24  Probe  
  47  4:30  Probe  
  48  4:31  Stalker  
  48  4:37  Sentry  
  47  4:45  Stalker  
  38  4:56  Stalker  
  40  5:09  Pylon  
  40  5:12  Pylon  
  40  5:17  Pylon  
  40  5:27  Sentry  
  42  5:28  Stalker  
  42  5:30  Stalker  
  42  5:35  Pylon  
  46  5:58  Nexus  
  46  6:00  Probe  
  47  6:14  Stalker  
  47  6:15  Probe  
  47  6:16  Observer (Chrono Boost)  
  51  6:19  Stalker  
  53  6:28  Probe (Chrono Boost)  
  52  6:32  Pylon  
  52  6:40  Probe (Chrono Boost)  
  53  6:48  Dark Shrine  
  53  6:49  Probe (Chrono Boost)  
  53  6:54  Stalker  
  56  7:00  Probe  
  55  7:06  Stalker  
  57  7:12  Probe (Chrono Boost)  
  57  7:13  Observer  
  57  7:15  Probe (Chrono Boost)  
  59  7:21  Observer  
  61  7:23  Probe (Chrono Boost)  
  61  7:26  Probe (Chrono Boost)  
  61  7:27  Probe (Chrono Boost)  
  61  7:28  Pylon  
  63  7:35  Probe  
  64  7:43  Stalker x2  
  68  7:45  Probe (Chrono Boost)  
  69  7:53  Probe (Chrono Boost)  
  69  7:57  Observer  
  71  8:03  Probe (Chrono Boost), Pylon  
  71  8:04  Probe (Chrono Boost)  
  72  8:07  Stalker x2  
  72  8:09  Probe (Chrono Boost)  
  72  8:10  Probe (Chrono Boost)  
  78  8:23  Nexus  
  78  8:25  Probe  
  79  8:29  Observer, Assimilator  
  80  8:37  Stalker  
  80  8:41  Gateway  
  80  8:45  Stalker  
  82  8:51  Observer (Chrono Boost)  
  83  9:02  Probe  
  81  9:09  Probe  
  82  9:11  Forge  
  82  9:14  Gateway, Probe  
  82  9:15  Pylon  
  83  9:21  Probe (Chrono Boost)  
  84  9:28  Dark Templar  
  84  9:31  Probe (Chrono Boost)  
  87  9:33  Probe (Chrono Boost), Stalker  
  87  9:36  Shield Battery  
  90  9:41  Probe x2 (Chrono Boost)  
  90  9:42  Protoss Ground Weapons Level 1 (Chrono Boost)  
  93  9:47  Probe (Chrono Boost)  
  93  9:51  Probe (Chrono Boost)  
  95  9:54  Probe (Chrono Boost)  
  95  9:55  Stalker  
  95  9:56  Stalker  
  95  9:57  Probe (Chrono Boost)  
  98  10:01  Dark Templar  
  98  10:05  Dark Templar  
  90  10:12  Dark Templar  
  81  10:20  Stalker x2  
  76  10:31  Immortal (Chrono Boost)  
  76  10:33  Shield Battery  
  76  10:34  Shield Battery  
  80  10:36  Stalker  
  80  10:42  Stalker  
  84  10:46  Stalker x2  
  84  10:49  Stalker  
  90  11:00  Stalker x2  
  84  11:09  Dark Templar  
  76  11:14  Stalker  
  74  11:21  Probe x3  
  77  11:33  Probe  
  77  11:34  Immortal (Chrono Boost)  
  77  11:37  Observer  
  77  11:39  Stalker  
  71  11:43  Stalker x2  
  70  11:50  Stalker  
  70  11:52  Zealot  
  74  11:58  Probe  
  75  12:04  Stalker  
  75  12:07  Zealot x2  
  80  12:15  Stalker  
  82  12:16  Stalker  
  84  12:25  Immortal (Chrono Boost)  
  84  12:28  Probe (Chrono Boost)  
  84  12:29  Probe (Chrono Boost)  
  90  12:34  Stalker  
  86  12:38  Stalker  
  88  12:45  Stalker  
  88  12:47  Stalker  
  92  12:51  Stalker  
  92  12:59  Stalker  
  92  13:00  Probe  
  92  13:03  Zealot  
  95  13:09  Zealot  
  81  13:14  Zealot  
  79  13:20  Stalker  
  76  13:28  Stalker x2  
  74  13:37  Stalker x2  
Tags
 
Add a new tag
Caveats
  • Supply blocks, unpowered buildings, or Contaminate may cause inaccurate times.
  • Supply counts are checked every 10 seconds.